 Dungeon Crawl Stone Soup version 0.31-a0-702-gf82c85558f (webtiles) character file.

Game seed: 17750806744544363383

86 qw the Shooter (level 4, 0/28 HPs)
             Began as a Gargoyle Hunter on Sept 8, 2023.
             Slain by an orc wizard
             ... wielding a +0 dagger
              (2 damage)
             ... on level 3 of the Dungeon.
             The game lasted 00:00:49 (1608 turns).

qw the Shooter (Gargoyle Hunter)                    Turns: 1608, Time: 00:00:50

Health: 0/28       AC:  9    Str: 15    XL:     4   Next: 49%
Magic:  4/4        EV: 12    Int:  9    God:
Gold:   158        SH:  0    Dex: 15    Spells: 3/3 levels left

rFire   + . .        Y - +0 shortbow
rCold   + . .        (shield currently unavailable)
rNeg    + . .        a - +2 robe {rC+ rF+}
rPois   inf          (no helmet)
rElec   +            (no cloak)
rCorr   .            (no gloves)
SInv    .            h - +1 pair of boots
Will    .....        (no amulet)
Stlth   ++           (no ring)
HPRegen 0.24/turn    (no ring)
MPRegen 0.09/turn

%: no passive effects
@: no status effects
A: sickness immunity, AC +3, negative energy resistance 1, electricity
resistance, torment resistance 1, petrification resistance
a: no special abilities


You were on level 3 of the Dungeon.
You visited 1 branch of the dungeon, and saw 3 of its levels.

You collected 158 gold pieces.


Innate Abilities, Weirdness & Mutations

You are immune to sickness and miasma.
Your stone body is resilient. (AC +3)
You are immune to poison.
You resist negative energy. (rN+)
You are resistant to electric shocks. (rElec)
You are resistant to unholy torment.
You are immune to petrification.


   Skills:
 - Level 3.0 Fighting
 + Level 5.2 Ranged Weapons
 - Level 1.3 Armour
 - Level 1.5 Dodging
 - Level 1.1 Stealth


You had 3 spell levels left.
You didn't know any spells.
Your spell library was empty.

Inventory:

Hand Weapons
 Y - a +0 shortbow (weapon)
Armour
 a - a +2 robe of resistance (worn)
 h - a +1 pair of boots (worn)
Scrolls
 c - a scroll of identify
 i - 2 scrolls of teleportation
 j - a scroll of vulnerability {unknown}
Potions
 b - a potion of lignification {unknown}
 d - a potion of mutation {unknown}
 e - a potion of brilliance {unknown}
 f - a potion of haste {unknown}
 g - a potion of attraction {unknown}

Dungeon Overview and Level Annotations

Branches:
Dungeon (3/15)

Altars:
Nemelex Xobeh

Shops:
D:1 :


Message History

Something hits you but does no damage. x2
You shoot an arrow. Something completely misses you.
You shoot an arrow. Something hits you.
You shoot an arrow. Something hits you.
You shoot an arrow. Something hits you.
You shoot an arrow. Something hits you but does no damage.
You shoot an arrow.
You hear some strange, mumbled words.
A puff of flame appears from out of thin air!
The puff of flame hits you. You resist.
You shoot an arrow.
Something hits you but does no damage. x2
You shoot an arrow. Something hits you but does no damage.
You shoot an arrow.
You hear some strange, mumbled words.
A puff of flame appears from out of thin air!
The puff of flame hits you. You resist.
You shoot an arrow.
You hear some strange, mumbled words.
A puff of flame appears from out of thin air!
The puff of flame misses you.
You shoot an arrow. Something hits you but does no damage.
You shoot an arrow. Something hits you but does no damage.
You shoot an arrow.
You hear some strange, mumbled words.
A magic dart appears from out of thin air!
The magic dart hits you.
You shoot an arrow.
An orc wizard appears from thin air!
Reactivating autopickup.
The orc wizard hits you with a +0 dagger.
You die...

## .. ######### #.
#........ #.# #.
#.####### #.# #. #.#
# #.# #) #.# # #.#
#)#########.# #.#
#o@......<..# #.#
############# #.#
#####.######### .#
#.............# #.#
#.###....####.# #.#
#####.###.....# #.#
#.# ..............#
#.# ####.##
.####%###.....###.##
##......


You could see an orc wizard.

Vanquished Creatures
  2 adders (D:2)
  A worm (D:2)
  2 dart slugs (D:1)
  3 orcs (D:3)
  6 ball pythons
  5 endoplasms
  3 giant cockroaches
  7 goblins
  6 hobgoblins
  6 kobolds
  2 quokkas
  5 bats
  A frilled lizard (D:2)
  3 rats
52 creatures vanquished.

Notes
Turn   | Place    | Note
-------+----------+-------------------------------------------
     0 | D:1      | qw the Gargoyle Hunter began the quest for the Orb.
     0 | D:1      | Reached XP level 1. HP: 12/12 MP: 1/1
     0 | D:1      | 0 ||| qw: Version: 0.3-a-76-g4403597
     0 | D:1      | 0 ||| qw: Game counter: 964
     0 | D:1      | 0 ||| qw: Melee chars always use a shield: true
     0 | D:1      | 0 ||| qw: God list: Okawaru
     0 | D:1      | 0 ||| qw: Allow faded altars: false
     0 | D:1      | 0 ||| qw: Do Orc after clearing Dungeon:15 true
     0 | D:1      | 0 ||| qw: Do second Lair branch before Depths: true
     0 | D:1      | 0 ||| qw: Lair rune preference: random
     0 | D:1      | 0 ||| qw: Goals: Normal
     0 | D:1      | 0 ||| PLANNING D:1-11
    80 | D:1      | Reached XP level 2. HP: 17/17 MP: 2/2
    97 | D:1      | Found Woloa's Book Emporium.
   411 | D:1      | Reached XP level 3. HP: 21/21 MP: 3/3
   491 | D:1      | Reached skill level 5 in Ranged Weapons
   640 | D:1      | 640 ||| UPGRADING to +0 pair of boots.
   645 | D:1      | 645 ||| UPGRADING to +0 ring mail.
   655 | D:1      | 655 ||| DROPPING +0 leather armour.
   656 | D:1      | 656 ||| DROPPING +6 ring of intelligence.
   657 | D:1      | 657 ||| READING scroll labelled ATHOFE HYPSEGUAT.
   669 | D:1      | 669 ||| READING scroll labelled JONACW YMUNWECS.
   670 | D:1      | 670 ||| READING scroll labelled ANGUUTWUMA.
   671 | D:1      | 671 ||| DROPPING scroll of butterflies.
   729 | D:2      | Reached skill level 1 in Armour
   906 | D:2      | Found a sparkling altar of Nemelex Xobeh.
   913 | D:2      | Reached XP level 4. HP: 27/27 MP: 4/4
  1024 | D:2      | Found a faded altar of an unknown god.
  1071 | D:2      | Reached skill level 3 in Fighting
  1284 | D:2      | 1284 ||| UPGRADING to +2 robe of resistance.
  1294 | D:2      | 1294 ||| DROPPING +0 ring mail.
  1295 | D:2      | 1295 ||| READING scroll labelled URHEFROZX UPLA.
  1296 | D:2      | 1296 ||| READING 2 scrolls labelled SEMAIV HUMEER.
  1297 | D:2      | 1297 ||| READING scroll labelled MARGHYGEOZ.
  1298 | D:2      | 1298 ||| READING scroll labelled DERYBB OSEFADGH.
  1416 | D:3      | Identified the +5 quarterstaff of Nen Zoep {protect, rN+
                  | Int+5}
  1530 | D:3      | 1530 ||| READING scroll of enchant armour.
  1530 | D:3      | 1530 ||| ENCHANTING +0 pair of boots.
  1603 | D:3      | HP: 7/28 [something/puff of flame (5)]
  1607 | D:3      | HP: 2/28 [something/magic dart (6)]
  1608 | D:3      | Slain by an orc wizard

Levels and vault maps discovered:
D:1:      giann_bridges, layout_basic, serial_shops, nicolae_shop_trees
D:2:      layout_loops_ring, shapermc_ecumenical_altar_pompeii, basic_altar
D:3:      layout_loops_ring

Skill      XL: |  1  2  3  4 |
---------------+-------------+-----
Ranged Weapons | 5 |  5.2
Armour         | 1 |  1.3
Fighting       | 3 |  3.0
Dodging        | |  1.5
Stealth        | |  1.1

Action                     |  1- 3 |  4- 6 || total
---------------------------+-------+-------++-------
   Fire: Shortbow          |   123 |    77 ||   200
    Use: Scroll            |     3 |     5 ||     8
 Armour: Leather armour    |    18 |       ||    18
         Ring mail         |     9 |     1 ||    10
         Robe              |       |    47 ||    47
  Dodge: Dodged            |    27 |    21 ||    48

Table legend:
 A = Non-vault XP
 B = Vault XP
 C = Vault XP percentage of total XP
 D = Non-vault monster count
 E = Vault monster count
 F = Vault count percentage of total count
                 A         B        C        D         E       F
            +---------+---------+-------+---------+---------+-------
      Total |     123 |       0 |   0.0 |      52 |       0 |   0.0
            +---------+---------+-------+---------+---------+-------
        D:1 |      52 |       0 |   0.0 |      26 |       0 |   0.0
        D:2 |      59 |       0 |   0.0 |      21 |       0 |   0.0
        D:3 |      12 |       0 |   0.0 |       5 |       0 |   0.0
            +---------+---------+-------+---------+---------+-------
